 Dungeon Crawl Stone Soup version 0.20.1-1-g8b1a95d (console) character file.

99 hilaritas the Shield-Bearer (level 5, -6/41 HPs)
             Began as a Formicid Fighter on Aug 12, 2017.
             Killed by divine providence
             ... invoked by an orc priest
              (14 damage)
             ... on level 3 of the Dungeon.
             The game lasted 00:04:07 (2131 turns).

hilaritas the Shield-Bearer (Formicid Fighter)      Turns: 2131, Time: 00:04:08

Health: -6/41      AC:  6    Str: 21    XL:     5   Next: 2%
Magic:  5/5        EV:  8    Int:  8    God:
Gold:   61         SH:  9    Dex: 10    Spells: 4/4 levels left

rFire    . . .     SeeInvis +   a - +0 war axe
rCold    . . .     Gourm    .   c - +0 shield
rNeg     . . .     Faith    .   b - +0 scale mail
rPois    .         Spirit   .   (helmet unavailable)
rElec    .         Reflect  .   (no cloak)
rCorr    .         Harm     .   (no gloves)
MR       .....                  (no boots)
Stlth    ..........             (no amulet)
Regen    0.2/turn               (no ring)
MPRegen  0.1/turn               (no ring)

@: no status effects
A: permanent stasis, dig shafts and tunnels, four strong arms, antennae 3
a: Dig, Shaft Self


You were on level 3 of the Dungeon.
You were not hungry.

You visited 1 branch of the dungeon, and saw 3 of its levels.

You collected 61 gold pieces.

Inventory:

Hand Weapons
 a - a +0 war axe (weapon)
 j - a +0 mace
Armour
 b - a +0 scale mail (worn)
 c - a +0 shield (worn)
Jewellery
 s - a cursed ring of loudness {unknown}
Scrolls
 h - 2 scrolls of teleportation {unknown}
 i - 6 scrolls of identify {unknown}
 l - a scroll of blinking {unknown}
 m - a scroll of remove curse {unknown}
 o - a scroll of random uselessness {unknown}
 q - a scroll of enchant weapon {unknown}
 r - a scroll of enchant armour {unknown}
Potions
 e - a potion of heal wounds {unknown}
 n - a potion of resistance {unknown}
 p - a potion of curing {unknown}
 t - a potion of mutation {unknown}
 u - a potion of flight {unknown}
Comestibles
 d - a chunk of flesh
 f - 3 bread rations
 g - 4 fruits
 k - a royal jelly


   Skills:
 - Level 3.2 Fighting
 * Level 4.1 Axes
 - Level 3.2 Armour
 + Level 4.6 Shields


You had 4 spell levels left.
You didn't know any spells.

Dungeon Overview and Level Annotations

Branches:
Dungeon (3/15)

Altars:
Vehumet


Innate Abilities, Weirdness & Mutations

You cannot be hasted, slowed, berserked, paralysed or teleported.
You can dig through walls and to a lower floor.
Your four strong arms can wield two-handed weapons with a shield.
You have a pair of large antennae on your head. (SInv)


Message History

The orc wizard gestures at you while chanting.
The puff of flame hits you!
The orc priest looks encouraged for a moment.
The orc hits you. The orc wizard casts a spell at you.
You resist with some effort. You block the orc's attack. x2
The orc wizard barely misses you. You block the orc priest's attack.
You completely miss the orc priest. You hit the orc wizard.
You closely miss the orc. You block the orc priest's attack. The orc hits you.
The orc wizard mumbles some strange words.
The orc wizard flickers and vanishes for a moment.
You hit the orc priest but do no damage.
Your shield and scale mail prevent you from hitting the orc.
Your shield prevents you from hitting the orc.
The orc priest looks satisfied for a moment.
The orc barely misses you. The orc hits you with a mace.
* * * LOW HITPOINT WARNING * * *
The orc priest calls down the wrath of Beogh upon you.
Beogh smites you!
You die...

#.# ###.# #...+##
####+. #..... ......
#....# ....). #...
#....###......###...
#...o........>......
#..@oo...#..........
#...o....#..........
#.....(..#..........
#........#.# ##...#
#..........#.#....#+
#.......(....#......
#........#####......
#######...........(.
................###


You could see an orc priest, an orc wizard (invisible) and 2 orcs.

Vanquished Creatures
  The ghost of ConnectionFaild the Shooter, a weakling CeHu (D:3)
  An adder (D:2)
  An ooze (D:1)
  4 worms
  A dart slug (D:2)
  A leopard gecko (D:1)
  2 giant cockroaches (D:2)
  2 goblins
  10 hobgoblins
  5 jackals
  A quokka (D:2)
  2 ball pythons (D:1)
  7 bats
  2 frilled lizards
  4 kobolds
  10 rats
54 creatures vanquished.

Notes
Turn   | Place    | Note
-------+----------+-------------------------------------------
     0 | D:1      | hilaritas the Formicid Fighter began the quest for the Orb.
     0 | D:1      | Reached XP level 1. HP: 18/18 MP: 1/1
    80 | D:1      | Reached XP level 2. HP: 24/24 MP: 2/2
   397 | D:1      | Reached XP level 3. HP: 28/29 MP: 3/3
   912 | D:2      | Reached XP level 4. HP: 28/35 MP: 4/4
  1539 | D:2      | Found a radiant altar of Vehumet.
  1713 | D:3      | Noticed ConnectionFaild's ghost (weakling CeHu)
  1722 | D:3      | Killed ConnectionFaild's ghost
  2097 | D:3      | Reached XP level 5. HP: 26/41 MP: 5/5
  2131 | D:3      | Killed from afar by an orc priest

Skill      XL: |  1  2  3  4 |
---------------+-------------+-----
Shields        | 4 |  4.6
Axes           | 3 4 |  4.1
Fighting       | |  3.2
Armour         | |  3.2

Action                   |  1- 3 |  4- 6 || total
-------------------------+-------+-------++-------
Melee: War axe           |    95 |    75 ||   170
  Use: Potion            |       |     1 ||     1
  Eat: Chunk             |       |     4 ||     4
Armor: Scale mail        |    50 |    22 ||    72
Dodge: Dodged            |    48 |    26 ||    74
Block: Shield            |    44 |    34 ||    78
